 Dungeon Crawl Stone Soup version 0.29-a0-721-g7f417c9bbb (webtiles) character file.

Game seed: 15185358547070412586

11160 crusatyr the Magus (level 11, -4/75 HPs)
             Began as a Demonspawn Monk on June 27, 2022.
             Was an Elder of Nemelex Xobeh.
             Killed from afar by an electric eel (10 damage)
             ... with a bolt of electricity
             ... on level 9 of the Dungeon.
             The game lasted 00:23:12 (9146 turns).

crusatyr the Magus (Demonspawn Monk)                Turns: 9146, Time: 00:23:12

Health: -4/75      AC: 15    Str: 24    XL:     11   Next: 45%
Magic:  23/23      EV: 11    Int: 11    God:    Nemelex Xobeh [****..]
Gold:   346        SH: 11    Dex: 17    Spells: 10/10 levels left

rFire   . . .      SeeInvis .   a - +4 long sword
rCold   . . .      Faith    .   v - +0 buckler
rNeg    . . .      Spirit   .   R - +3 ring mail "Jawoni" {Regen+ Str+3}
rPois   .          Reflect  +   (no helmet)
rElec   .          Harm     .   M - +0 cloak
rCorr   .          Rampage  .   x - +2 pair of gloves
Will    +....                   l - +2 pair of boots
Stlth   ++........              H - amulet of reflection
HPRegen 1.02/turn               q - ring of willpower
MPRegen 0.18/turn               y - +6 ring of strength

@: studying Long Blades
A: claws 1, hooves 2, condensation shield, weakness stinger 2
a: Renounce Religion, Draw Escape, Draw Destruction, Draw Summoning, Triple
Draw, Deal Four


You were on level 9 of the Dungeon.
You worshipped Nemelex Xobeh.
Nemelex Xobeh was greatly pleased with you.
You visited 2 branches of the dungeon, and saw 10 of its levels.

You collected 515 gold pieces.
You spent 169 gold pieces at shops.

Inventory:

Hand Weapons
 a - a +4 long sword (weapon)
 S - a +4 great sword
Missiles
 i - 62 stones (quivered)
 G - 8 boomerangs
Armour
 l - a +2 pair of boots (worn)
 v - a +0 buckler (worn)
 x - a +2 pair of gloves (worn)
 M - a +0 cloak (worn)
 P - a +0 plate armour
 R - the +3 ring mail "Jawoni" (worn) {Regen+ Str+3}
   (You found it on level 6 of the Dungeon)

   Str:       It affects your strength (+3).
   Regen:     It increases your rate of health regeneration.
Jewellery
 q - a ring of willpower (left hand)
 y - a +6 ring of strength (right hand)
 F - a ring of positive energy
 H - an amulet of reflection (around neck)
 K - a ring of magical power
 L - an amulet of magic regeneration
 U - an amulet of faith
Wands
 w - a wand of polymorph (10)
 C - a wand of iceblast (8)
 T - a wand of digging (4)
Scrolls
 b - 5 scrolls of fear
 f - a scroll of summoning {unknown}
 h - 3 scrolls of identify
 j - 4 scrolls of noise
 k - a scroll of vulnerability {unknown}
 r - 2 scrolls of immolation
 s - 4 scrolls of teleportation
 t - a scroll of fog {unknown}
 u - a scroll of enchant armour {unknown}
 D - 3 scrolls of enchant weapon {unknown}
 E - 2 scrolls of silence {unknown}
 I - a scroll of blinking
 W - a scroll of amnesia {unknown}
 X - 2 scrolls of magic mapping {unknown}
Potions
 c - a potion of ambrosia
 d - 3 potions of lignification
 e - 4 potions of haste
 g - a potion of invisibility
 m - 2 potions of berserk rage
 n - 3 potions of mutation {unknown}
 o - 3 potions of heal wounds
 p - 2 potions of brilliance {unknown}
 z - 3 potions of flight {unknown}
 A - 3 potions of curing {unknown}
 B - a potion of magic {unknown}
 J - a potion of attraction {unknown}
 N - a potion of resistance {unknown}
 O - 3 potions of might
 Q - a potion of degeneration {unknown}
Miscellaneous
 V - a tin of tremorstones (2/2)
 Y - a tin of tremorstones (2/2)


   Skills:
 - Level 3.0 Fighting
 + Level 9.7 Long Blades
 * Level 1.1 Armour
 - Level 2.6 Dodging
 - Level 4.0 Stealth
 - Level 6.0 Shields
 + Level 16.7 Invocations
 + Level 0.7 Evocations


You had 10 spell levels left.
You didn't know any spells.
Your spell library contained the following spells:

 Spells                   Type           Power      Damage    Failure   Level
 Magic Dart               Conj           0%         1d3       56%         1
 Call Imp                 Summ           0%         N/A       71%         2
 Ensorcelled Hibernation  Hex/Ice        0%         N/A       71%         2
 Passwall                 Tmut/Erth      0%         N/A       71%         2
 Mephitic Cloud           Conj/Pois/Air  0%         N/A       91%         3
 Swiftness                Air            0%         N/A       91%         3


Dungeon Overview and Level Annotations

Branches:
Dungeon (9/15)             Temple (1/1) D:4            Lair (0/6) D:9
    Orc: D:9-12

Altars:
Ashenzari
Cheibriados
Dithmenos
Elyvilon
Fedhas
Hepliaklqana
Kikubaaqudgha
Makhleb
Nemelex Xobeh
Okawaru
Qazlal
Ru
Sif Muna
Trog
Uskayaw
Vehumet
Wu Jian
Xom
Yredelemnul
Zin
The Shining One

Shops:
D:5 [   D:6 *

Annotations:
D:3 Grinder


Innate Abilities, Weirdness & Mutations

You have sharp fingernails.
You have hoof-like feet.
A meltable shield of frost defends you. (SH +0)
You have a tail ending in a sharp stinger.


Message History

The orc wizard is moderately wounded.
The electric eel shoots out a bolt of lightning at you!
The bolt of electricity hits you.
The electric eel shoots out a bolt of lightning at you!
The bolt of electricity hits you! The orc wizard casts a spell at you.
The puff of flame hits you.
Your condensation shield dissipates!
The howler monkey splashes around in the water.
A death knight comes into view. It is wielding a +4 halberd.
A howler monkey comes into view.
You block the howler monkey's attack.
You slash the orc wizard!
You kill the orc wizard!
You hear a splash. x2
You are engulfed in a cloud of scalding steam.
The electric eel shoots out a bolt of lightning at you!
The bolt of electricity hits you but does no damage.
You block the howler monkey's attack. The howler monkey closely misses you.
You are too injured to fight recklessly!
The electric eel shoots out a bolt of lightning at you!
The bolt of electricity hits you!
The howler monkey splashes around in the water.
The howler monkey hoots and howls with incredible vigour!
The electric eel shoots out a bolt of lightning at you!
The bolt of electricity hits you but does no damage.
The electric eel shoots out a bolt of lightning at you!
The bolt of electricity misses you.
The howler monkey hoots and howls with incredible vigour!
You hear a shout!
The electric eel shoots out a bolt of lightning at you!
The bolt of electricity hits you! x2
* * * LOW HITPOINT WARNING * * *
The electric eel shoots out a bolt of lightning at you!
The bolt of electricity hits you.
* * * LOW HITPOINT WARNING * * *
The electric eel shoots out a bolt of lightning at you!
The bolt of electricity hits you!
You die...
Your body glows slightly and disappears.

.....###.###..# #≈..c... .#[
##...).## #≈.≈....
#..##..#.#..## #≈....p#
#.##.#######.## #≈.≈...#
#.#.##.).)|##.# #≈.≈.h.##
#.#....}......# #.....h.
##..............
#.≈≈.≈l####..#.#...#...#.#
#....)h.h@...#.##.###.##.#
......)≈y...#.##.###.###.##
##.≈≈.≈≈....#..##.#...#.##
.#≈.≈≈)≈≈≈≈####..##.....##
.≈≈.≈≈≈≈≈≈≈≈# #..###.###
.≈≈.≈≈≈SS≈≈≈###..###.#.###
......≈≈≈≈≈≈##..##.#[#.#[#
#≈.≈≈≈≈≈≈≈≈##.###.#.#.#.###
.##.≈≈≈≈≈≈≈....#.#.#.#.#.#.#


You could see a wyvern, a vampire mosquito, 2 howler monkeys and 2 electric
eels.

Vanquished Creatures
  A centaur warrior (D:9)
  A cyclops (D:9)
  Psyche (D:8)
  Prince Ribbit (D:7)
  A shadow (D:7)
  A yak (shapeshifter) (D:9)
  A vampire (D:8)
  2 wyverns
  14 yaks
  A water moccasin (D:7)
  2 sky beasts
  An ice beast (D:5)
  A black bear (D:6)
  An orc warrior (D:9)
  An ogre (D:6)
  A centaur (D:5)
  3 kobold brigands
  2 bullfrogs
  A necrophage (D:6)
  2 scorpions (D:6)
  4 wights
  6 killer bees (D:9)
  2 howler monkeys (D:8)
  3 orc priests
  2 hounds (D:6)
  2 iguanas (D:5)
  6 orc wizards
  9 adders
  2 gnolls
  An ufetubus (D:5)
  A worm (D:2)
  3 dart slugs
  20 orcs
  3 bats
  6 endoplasms
  A giant cockroach (D:2)
  9 goblins
  14 hobgoblins
  8 jackals
  16 kobolds
  3 quokkas
  4 ball pythons
  A frilled lizard (D:1)
  8 rats
  A spectral hobgoblin (D:6)
174 creatures vanquished.

Vanquished Creatures (collateral kills)
  A two-headed ogre (D:9)
  Pikel (D:8)
  A cyclops (D:9)
  Joseph (D:7)
  A troll (D:9)
  A wyvern (D:9)
  7 yaks (D:9)
  2 basilisks (D:9)
  An acid dragon (D:9)
  A water moccasin (D:9)
  2 orc warriors (D:8)
  2 centaurs
  A lemure (D:8)
  A bullfrog (D:7)
  6 wights
  4 howler monkeys
  4 orc priests
  2 orc wizards (D:9)
  4 orcs
  2 kobolds (D:9)
45 creatures vanquished.

Grand Total: 219 creatures vanquished

Notes
Turn   | Place    | Note
-------+----------+-------------------------------------------
     0 | D:1      | crusatyr the Demonspawn Monk began the quest for the Orb.
     0 | D:1      | Reached XP level 1. HP: 18/18 MP: 1/1
    37 | D:1      | You fall into a shaft and drop 1 floor!
   115 | D:1      | Discovered your monstrous ancestry.
   115 | D:1      | Gained mutation: You have sharp fingernails. [demonic
                  | ancestry]
   115 | D:1      | Reached XP level 2. HP: 17/24 MP: 2/2
   744 | D:1      | Found a faded altar of an unknown god.
  1286 | D:2      | Gained mutation: You have a small tail. [demonic ancestry]
  1286 | D:2      | Reached XP level 3. HP: 22/29 MP: 3/3
  1926 | D:2      | Found a shadowy altar of Dithmenos.
  2090 | D:3      | Found a broken altar of Ashenzari.
  2151 | D:3      | Reached XP level 4. HP: 19/35 MP: 4/4
  2721 | D:3      | Noticed Grinder
  3446 | D:4      | Found a staircase to the Ecumenical Temple.
  3471 | Temple   | Entered the Ecumenical Temple
  3524 | Temple   | Became a worshipper of Nemelex Xobeh the Trickster
  3524 | Temple   | Reached * piety under Nemelex Xobeh
  3524 | Temple   | Received a gift from Nemelex Xobeh
  3524 | Temple   | Reached ** piety under Nemelex Xobeh
  3698 | D:4      | Reached skill level 1 in Shields
  4156 | D:4      | Gained mutation: You have large cloven feet. [demonic
                  | ancestry]
  4156 | D:4      | Reached XP level 5. HP: 41/41 MP: 5/5
  4662 | D:5      | Entered Level 5 of the Dungeon
  4860 | D:5      | Reached skill level 1 in Invocations
  5213 | D:5      | Reached skill level 2 in Invocations
  5429 | D:5      | Reached XP level 6. HP: 39/47 MP: 7/7
  5746 | D:5      | Found Wabide's Antique Armour Shoppe.
  5754 | D:5      | Bought a cloak for 103 gold pieces
  5797 | D:5      | Noticed an ice beast
  5798 | D:5      | Killed an ice beast
  5799 | D:5      | Reached skill level 3 in Invocations
  6005 | D:5      | Reached skill level 4 in Invocations
  6016 | D:5      | Reached XP level 7. HP: 48/52 MP: 10/10
  6344 | D:6      | Reached skill level 5 in Invocations
  6412 | D:6      | Reached skill level 5 in Long Blades
  6475 | D:6      | Received a gift from Nemelex Xobeh
  6478 | D:6      | Identified the +3 ring mail "Jawoni" {Regen+ Str+3}
  6502 | D:6      | Reached skill level 6 in Invocations
  6530 | D:6      | Found Zesigg's Assorted Antiques.
  6549 | D:6      | Bought a scroll labelled FAMEVA OKOLO for 33 gold pieces
  6549 | D:6      | Bought a scroll labelled FAMEVA OKOLO for 33 gold pieces
  6594 | D:6      | Found a bloodstained altar of Trog.
  6628 | D:6      | Gained mutation: You have a tail ending in a sharp stinger.
                  | [demonic ancestry]
  6628 | D:6      | Reached XP level 8. HP: 58/58 MP: 11/13
  6646 | D:6      | Reached *** piety under Nemelex Xobeh
  6748 | D:6      | Found a hazy altar of Hepliaklqana.
  6858 | D:6      | Received a gift from Nemelex Xobeh
  6912 | D:7      | Noticed a troll
  6979 | D:7      | Noticed Joseph
  6986 | D:7      | Reached skill level 7 in Invocations
  6993 | D:7      | Identified the +4 executioner's axe "Impslayer" {elec,
                  | Str+7 Int+4}
  7002 | D:7      | Killed Joseph
  7003 | D:7      | Reached skill level 8 in Invocations
  7235 | D:7      | Received a gift from Nemelex Xobeh
  7238 | D:7      | Found a hide-covered altar of Uskayaw.
  7301 | D:7      | Reached skill level 9 in Invocations
  7388 | D:7      | Gained mutation: You have hoof-like feet. [demonic
                  | ancestry]
  7388 | D:7      | Reached XP level 9. HP: 63/63 MP: 14/16
  7392 | D:7      | Reached skill level 5 in Shields
  7435 | D:7      | Reached skill level 10 in Invocations
  7563 | D:7      | Noticed Prince Ribbit
  7577 | D:7      | Killed Prince Ribbit
  7746 | D:8      | Received a gift from Nemelex Xobeh
  7750 | D:8      | Reached skill level 11 in Invocations
  7788 | D:8      | Noticed Pikel
  7817 | D:8      | Killed Pikel
  7928 | D:8      | Reached skill level 12 in Invocations
  8011 | D:8      | Gained mutation: A meltable shield of frost defends you.
                  | (SH +0) [demonic ancestry]
  8011 | D:8      | Reached XP level 10. HP: 47/70 MP: 19/19
  8338 | D:8      | Reached skill level 13 in Invocations
  8552 | D:8      | Reached **** piety under Nemelex Xobeh
  8555 | D:8      | Noticed Psyche
  8562 | D:8      | Killed Psyche
  8725 | D:9      | Reached skill level 14 in Invocations
  8750 | D:9      | Reached skill level 15 in Invocations
  8755 | D:9      | Noticed a two-headed ogre
  8757 | D:9      | Reached XP level 11. HP: 55/75 MP: 22/22
  8760 | D:9      | Killed a two-headed ogre
  8800 | D:9      | Found a staircase to the Lair.
  8837 | D:9      | Reached skill level 16 in Invocations
  8845 | D:9      | Noticed a centaur warrior
  8848 | D:9      | Killed a centaur warrior
  9094 | D:9      | Received a gift from Nemelex Xobeh
  9136 | D:9      | Reached skill level 1 in Armour
  9142 | D:9      | Noticed a death knight
  9146 | D:9      | Killed from afar by an electric eel

Illustrated notes

Levels and vault maps discovered:
D:1:      dpeg_arrival_court, layout_loops_corners,
          shapermc_ecumenical_altar_mp_ritualfount
D:2:      layout_rooms, basic_altar
D:3:      layout_basic, cheibrodos_ashenzari_chains, uniq_grinder
D:4:      layout_basic, minmay_temple_entry_glassed_door,
          hangedman_decor_diamond_cutter, nrook_mini_vaults
D:5:      cheibrodos_thug_alley, layout_loops_corners, kennysheep_cross_room,
          nicolae_stop_n_shop_2
D:6:      layout_cave_pools, dreamdust_divine_triumvirate,
          nicolae_hepliaklqana_monster_ancestors,
          nicolae_overflow_hidden_temple, hangedman_abyss_or_decor_stabs,
          kennysheep_windowed_goal
D:7:      layout_gridville, eat_drink_and_be_merry_uskayaw, uniq_joseph,
          uniq_prince_ribbit1
D:8:      layout_loops_corners, uniq_pikel, uniq_psyche
D:9:      minmay_the_grid_octo_2x2 [minmay_the_grid_octo_concentric,
          minmay_the_grid_octo_odd_swirl, minmay_the_grid_octo_teeth,
          minmay_the_grid_octo_prize_ultimate_mussel_roller], layout_basic,
          david_lair_generic, orc_0_dummy, minmay_fractal_squares_gapless_5
Temple:   jpeg_temple_clearing

Skill      XL: |  1  2  3  4  5  6  7  8  9 10 11 |
---------------+----------------------------------+-----
Stealth        | 2 3 4 |  4.0
Long Blades    | 3 4 5 6 7 9 |  9.7
Shields        | 1 2 3 4 6 |  6.0
Invocations    | 2 4 6 9 12 15 16 | 16.7
Armour         | 1 |  1.1
Fighting       | |  3.0
Dodging        | |  2.6
Evocations     | |  0.7

Action                   |  1- 3 |  4- 6 |  7- 9 | 10-12 || total
-------------------------+-------+-------+-------+-------++-------
Melee: Falchion          |   134 |   228 |   100 |       ||   462
       Punch             |     2 |       |       |       ||     2
       Tailslap          |     7 |    28 |    21 |    24 ||    80
       Long sword        |       |       |    96 |   156 ||   252
Throw: Stone             |     1 |       |       |       ||     1
Invok: Draw Escape       |       |     2 |       |       ||     2
       Draw Destruction  |       |     4 |    16 |    10 ||    30
       Draw Summoning    |       |       |     7 |     3 ||    10
  Use: Potion            |       |     3 |       |       ||     3
       Scroll            |       |     2 |     7 |       ||     9
 Stab: Sleeping          |     3 |     1 |     3 |     1 ||     8
       Petrified         |       |       |     4 |       ||     4
       Distracted        |       |       |     1 |     2 ||     3
Armor: Robe              |    40 |       |       |       ||    40
       Ring mail         |       |    30 |    60 |    36 ||   126
       Chain mail        |       |    83 |       |       ||    83
       Plate armour      |       |       |    59 |       ||    59
Dodge: Dodged            |   109 |    90 |    46 |    53 ||   298
Block: Buckler           |     2 |    77 |    95 |   104 ||   278
       Reflection        |       |     1 |     5 |    10 ||    16

Table legend: (Time is in decaauts)
 A = Elapsed time spent in this place.
 B = Non-inter-level travel time spent in this place.
 C = Inter-level travel time spent in this place.
 D = Time resting spent in this place.
 E = Time spent auto-exploring this place.
 F = Levels seen in this place.
 G = Mean time per level.
                   A        B        C        D        E       F      G
               +--------+--------+--------+--------+--------+-----+--------+
         Total |   9212 |   8754 |    458 |    632 |   5784 |  10 |  921.2 |
       Dungeon |   9107 |   8699 |    408 |    632 |   5746 |   9 | 1011.9 |
        Temple |    104 |     54 |     50 |      0 |     38 |   1 |  104.0 |
               +--------+--------+--------+--------+--------+-----+--------+

Top non-repeatable levels by time:
     D:5: 1571 daAuts
     D:3: 1484 daAuts
     D:1: 1268 daAuts
     D:4: 1032 daAuts
     D:8: 999 daAuts
     D:7: 811 daAuts
     D:2: 790 daAuts
     D:6: 716 daAuts
     D:9: 433 daAuts
  Temple: 104 daAuts
